 Dungeon Crawl Stone Soup version 0.25-a0-578-gc91f01c39c (webtiles) character file.

Game seed: 6368889325568993099, levelgen mode: deterministic

702 An17 the Shield-Bearer (level 7, 0/44 HPs)
             Began as a Gargoyle Fighter on Mar 4, 2020.
             Was an Initiate of Makhleb.
             Slain by an adder (1 damage)
             ... on level 6 of the Dungeon.
             The game lasted 00:07:52 (3810 turns).

An17 the Shield-Bearer (Gargoyle Fighter)           Turns: 3810, Time: 00:07:53

Health: 0/44       AC: 15    Str: 21    XL:     7   Next: 66%
Magic:  7/7        EV:  6    Int:  9    God:    Makhleb [......]
Gold:   202        SH: 10    Dex: 11    Spells: 6/6 levels left

rFire    . . .     SeeInvis .   n - +1 flail (venom)
rCold    . . .     Gourm    .   c - +0 kite shield
rNeg     + . .     Faith    .   m - +0 chain mail
rPois    ∞         Spirit   .   (no helmet)
rElec    +         Reflect  .   (no cloak)
rCorr    .         Harm     .   (no gloves)
MR       .....                  i - +0 pair of boots
Stlth    ..........             (no amulet)
HPRegen  0.14/turn              b - +2 ring of dexterity
MPRegen  0.10/turn              (no ring)

@: no status effects
A: negative energy resistance 1, electricity resistance, unbreathing,
petrification resistance, rot immunity, AC +4
a: Renounce Religion


You were on level 6 of the Dungeon.
You worshipped Makhleb.
Makhleb was noncommittal.
You were not hungry.

You visited 1 branch of the dungeon, and saw 6 of its levels.

You collected 202 gold pieces.

Inventory:

Hand Weapons
 n - a +1 flail of venom (weapon)
Armour
 c - a +0 kite shield (worn)
 i - a +0 pair of boots (worn)
 m - a +0 chain mail (worn)
Jewellery
 b - a +2 ring of dexterity (left hand)
Scrolls
 a - a scroll of teleportation
 j - 4 scrolls of identify
 k - 2 scrolls of remove curse
Potions
 d - a potion of might
 e - a potion of heal wounds
 g - 3 potions of curing
 h - 2 potions of mutation
 l - a potion of stabbing
 p - a potion of degeneration {unknown}
Comestibles
 f - 5 rations


   Skills:
 + Level 4.6 Fighting
 + Level 5.5 Maces & Flails
 + Level 5.0 Armour
 + Level 5.6 Shields


You had 6 spell levels left.
You didn't know any spells.
Your spell library was empty.

Dungeon Overview and Level Annotations

Branches:
Dungeon (6/15)             Temple (0/1) D:5

Altars:
Makhleb
Nemelex Xobeh
Okawaru

Shops:
D:4 !


Innate Abilities, Weirdness & Mutations

You are resistant to torment.
Your stone body is resilient. (AC +4)
You are immune to poison.
You resist negative energy. (rN+)
You are resistant to electric shocks. (rElec)
You can survive without breathing.
You are immune to petrification.
You are immune to rotting.


Message History

The hound barely misses you. The hound bites you but does no damage.
The adder bites you but does no damage. You block the adder's attack.
The hound closely misses you. You block the adder's attack.
The adder bites you but does no damage. You block the hound's attack.
You block the adder's attack. The adder bites you but does no damage.
The hound bites you but does no damage. You block the adder's attack.
The adder bites you but does no damage. You block the hound's attack.
The adder bites you but does no damage. x2
The hound bites you but does no damage. You block the adder's attack.
The adder barely misses you. You block the hound's attack. The adder bites you.
* * * LOW HITPOINT WARNING * * *
The adder bites you but does no damage. You block the hound's attack.
The hound bites you but does no damage. You block the adder's attack.
The adder bites you but does no damage. You block the hound's attack.
You block the adder's attack. The adder bites you but does no damage.
The hound bites you but does no damage. You block the adder's attack.
The adder bites you but does no damage. You block the hound's attack.
The adder barely misses you. The adder bites you.
You die...

###.#############
.......<.........
#.#.#...#.######
.#.#####S######
...wSoh@S.......
.?#######.######
.?. ..## ... .#.#
.#.#


You could see a worm, a hound, 2 adders, an orc and a ball python.

Vanquished Creatures
  Edmund (D:4)
  An ogre (D:3)
  2 crimson imps (D:5)
  2 hounds
  A centaur zombie (D:5)
  3 orc priests
  A centaur skeleton (D:5)
  An iguana (D:5)
  A worker ant (D:4)
  A gnoll (D:5)
  7 adders
  A shadow imp (D:3)
  3 oozes
  2 worms (D:2)
  A dart slug (D:3)
  3 leopard geckos (D:5)
  12 orcs
  2 ball pythons
  2 bats (D:2)
  4 giant cockroaches
  10 goblins
  5 hobgoblins
  3 jackals (D:4)
  A quokka (D:2)
  A frilled lizard (D:2)
  5 kobolds
  5 rats
81 creatures vanquished.

Notes
Turn   | Place    | Note
-------+----------+-------------------------------------------
     0 | D:1      | An17 the Gargoyle Fighter began the quest for the Orb.
     0 | D:1      | Reached XP level 1. HP: 14/14 MP: 1/1
   162 | D:1      | Reached XP level 2. HP: 19/19 MP: 2/2
   458 | D:2      | Reached XP level 3. HP: 19/23 MP: 3/3
   954 | D:3      | Reached XP level 4. HP: 29/29 MP: 4/4
  1120 | D:3      | Noticed an ogre
  1133 | D:3      | Killed an ogre
  1133 | D:3      | Reached XP level 5. HP: 21/33 MP: 5/5
  1402 | D:3      | Reached XP level 6. HP: 3/38 MP: 6/6
  1514 | D:3      | Found a burning altar of Makhleb.
  1740 | D:3      | Became a worshipper of Makhleb the Destroyer
  1864 | D:4      | Found Peanesm's Distillery.
  1907 | D:4      | Found a sparkling altar of Nemelex Xobeh.
  2178 | D:4      | Noticed Edmund
  2210 | D:4      | Killed Edmund
  2210 | D:4      | Reached skill level 5 in Shields
  2308 | D:4      | Reached XP level 7. HP: 36/44 MP: 7/7
  2536 | D:5      | Entered Level 5 of the Dungeon
  2600 | D:5      | Reached skill level 5 in Maces & Flails
  2642 | D:5      | Found a staircase to the Ecumenical Temple.
  2948 | D:5      | Found an iron altar of Okawaru.
  3013 | D:5      | Reached * piety under Makhleb
  3480 | D:5      | Reached skill level 5 in Armour
  3791 | D:6      | HP: 2/44 [adder (3)]
  3798 | D:6      | HP: 2/44 [adder (1)]
  3807 | D:6      | HP: 1/44 [adder (3)]
  3810 | D:6      | Slain by an adder

Levels and vault maps discovered:
D:1:      mrwooster_arrival_statue, layout_basic
D:2:      layout_basic
D:3:      layout_loops_cross, makhleb_grotto_becter
D:4:      layout_loops_corners, nemelex_xobeh_ov_fountains_minmay, serial_shops,
          shop, uniq_edmund
D:5:      layout_basic, okawaru_altar_gauntlet_db, minmay_temple_entry_arrows,
          first_ration, serial_bayou_lagoon_a
D:6:      layout_basic, xom_teletrap_fun, serial_glass, glass_columns_a,
          glass_columns_c, minmay_misc_feat_encased, uniq_pikel

Skill      XL: |  1  2  3  4  5  6  7 |
---------------+----------------------+-----
Shields        | 4 5 |  5.6
Armour         | 4 5 |  5.0
Fighting       | 4 |  4.6
Maces & Flails | 3 4 5 |  5.5

Action                   |  1- 3 |  4- 6 |  7- 9 || total
-------------------------+-------+-------+-------++-------
Melee: Flail             |   104 |   185 |   110 ||   399
  Use: Scroll            |     5 |     4 |     2 ||    11
       Potion            |       |     1 |     1 ||     2
  Eat: Ration            |       |     2 |     1 ||     3
Armor: Scale mail        |    64 |    62 |       ||   126
       Chain mail        |       |    32 |   295 ||   327
Dodge: Dodged            |    48 |    45 |   124 ||   217
Block: Kite shield       |    68 |    90 |   276 ||   434

Table legend:
 A = Non-vault XP
 B = Vault XP
 C = Vault XP percentage of total XP
 D = Non-vault monster count
 E = Vault monster count
 F = Vault count percentage of total count
                 A         B        C        D         E       F
            +---------+---------+-------+---------+---------+-------
      Total |     801 |     202 |  20.1 |      73 |       8 |   9.9
            +---------+---------+-------+---------+---------+-------
        D:1 |      13 |       0 |   0.0 |       5 |       0 |   0.0
        D:2 |      67 |       0 |   0.0 |      18 |       0 |   0.0
        D:3 |     297 |      11 |   3.6 |      28 |       1 |   3.4
        D:4 |      88 |     166 |  65.4 |       6 |       1 |  14.3
        D:5 |     336 |      25 |   6.9 |      16 |       6 |  27.3
            +---------+---------+-------+---------+---------+-------
